 Dungeon Crawl Stone Soup version 0.28-a0-429-g1448048969 (webtiles) character file.

Game seed: 326642866991779594

917 Amplified the Skirmisher (level 7, -2/64 HPs)
             Began as a Minotaur Cinder Acolyte on Sept 10, 2021.
             Was a High Priest of Ignis.
             Shot with an arrow by a centaur (14 damage)
             ... on level 5 of the Dungeon.
             The game lasted 00:10:40 (6851 turns).

Amplified the Skirmisher (Minotaur Cinder Acolyte)  Turns: 6851, Time: 00:10:41

Health: -2/64      AC:  3    Str: 22    XL:     7   Next: 83%
Magic:  7/7        EV: 12    Int:  9    God:    Ignis [*****.]
Gold:   254        SH:  0    Dex:  6    Spells: 6/8 levels left

rFire   + . .      SeeInvis +   a - -1 hand axe (flame)
rCold   . . .      Faith    .   (no shield)
rNeg    . . .      Spirit   .   j - +2 robe {Will+}
rPois   +          Reflect  .   (helmet restricted)
rElec   .          Harm     .   (no cloak)
rCorr   .          Rampage  .   (no gloves)
Will    +....                   (no boots)
Stlth   +.........              (no amulet)
HPRegen 0.20/turn               c - ring of see invisible
MPRegen 0.10/turn               b - ring of poison resistance

@: no status effects
A: horns 2, retaliatory headbutt, deformed body, dopey 1, strong 1
a: Renounce Religion, Sea of Fire, Foxfire Swarm, Rising Flame


You were on level 5 of the Dungeon.
You worshipped Ignis.
Ignis was extremely pleased with you.
You visited 1 branch of the dungeon, and saw 7 of its levels.

You collected 254 gold pieces.

Inventory:

Hand Weapons
 a - a -1 hand axe of flaming (weapon)
 h - a +0 war axe
Armour
 j - a +2 robe of willpower (worn)
Jewellery
 b - a ring of poison resistance (right hand)
 c - a ring of see invisible (left hand)
 e - a ring of flight
 f - a ring of protection from cold
Scrolls
 k - a scroll of fog


   Skills:
 * Level 6.4 Fighting
 * Level 6.4 Axes
 * Level 5.1 Armour
 * Level 4.6 Dodging
 - Level 1.0 Spellcasting
 - Level 2.1 Fire Magic


You had 6 spell levels left.
You knew the following spells:

 Your Spells              Type           Power      Damage    Failure   Level
a - Scorch                Fire           8%         2d5       22%         2

Your spell library contained the following spells:

 Spells                   Type           Power      Damage    Failure   Level
 Summon Small Mammal      Summ           0%         N/A       36%         1
 Blink                    Tloc           N/A        N/A       50%         2
 Corpse Rot               Necr/Air       N/A        N/A       50%         2
 Ensorcelled Hibernation  Hex/Ice        0%         N/A       50%         2
 Ignite Poison            Fire/Tmut/Pois 1%         N/A       63%         3
 Call Canine Familiar     Summ           0%         N/A       73%         3
 Mephitic Cloud           Conj/Pois/Air  0%         N/A       73%         3
 Summon Guardian Golem    Hex/Summ       0%         N/A       73%         3
 Tukima's Dance           Hex            0%         N/A       73%         3
 Dispel Undead            Necr           0%         3d6       98%         4
 Freezing Cloud           Conj/Ice/Air   0%         6-21      100%        5
 Manifold Assault         Tloc           0%         N/A       100%        5
 Death Channel            Necr           0%         N/A       100%        6
 Storm Form               Tmut/Air       0%         N/A       100%        7


Dungeon Overview and Level Annotations

Branches:
Dungeon (7/15)
 Temple: D:4-7

Altars:
Gozag
Hepliaklqana
Kikubaaqudgha

Shops:
D:5 [


Innate Abilities, Weirdness & Mutations

You have a pair of horns on your head.
You reflexively headbutt those who attack you in melee.
Armour fits poorly on your strangely shaped body.
You are dopey. (Int -2)
Your muscles are strong. (Str +2)


Message History

You blink.
Unknown command.
Press < or > to pray at altars.
Unknown command.
Press < or > to pray at altars.
The phantom hits you!
The phantom blinks!
You blink.
The centaur wields a +0 shortbow.
The centaur shoots an arrow.
The arrow hits you!
* * * LOW HITPOINT WARNING * * *
Unknown command.
Unknown command.
The centaur unwields a +0 shortbow.
The centaur hits you.
* * * LOW HITPOINT WARNING * * *
The centaur barely misses you.
Unknown command.
You feel much better. The centaur barely misses you. The centaur kicks you.
The phantom hits you.
Unknown command.
Unknown command.
The centaur misses you. The centaur kicks you. The phantom hits you.
Unknown command.
Unknown command.
The phantom hits you.
* * * LOW HITPOINT WARNING * * *
The phantom blinks!
You blink.
Unknown command.
Unknown command.
Unknown command.
Unknown command.
Okay, then.
You aren't carrying any items that you can evoke.
Unknown command.
Okay, then.
Fires begin to smoulder around you!
The centaur wields a +0 shortbow.
The centaur shoots an arrow.
The arrow hits you.
* * * LOW HITPOINT WARNING * * *
The phantom hits you.
* * * LOW HITPOINT WARNING * * *
The phantom blinks!
You blink.
The centaur shoots an arrow.
The arrow hits you!
You die...

#######
##§§W§§##
#§§§@§§§#
#§§§§§§§####
#§§§§§§§§..#
#§§§§§§c#..#
#§§§§§§§#..#
##§§§§§##..#
####### ...
..## ..# #.


You could see a phantom and a centaur.

Vanquished Creatures
  A black bear (D:4)
  A necrophage (D:5)
  2 ogres (D:5)
  A phantom (D:6)
  A jelly (D:6)
  3 hounds
  A bullfrog zombie (D:7)
  A centaur skeleton (D:5)
  Jessica (D:3)
  Natasha (thrice) (D:3)
  A hound zombie (D:5)
  2 hound skeletons (D:4)
  2 gnolls
  8 adders
  A white imp (D:6)
  4 dart slugs
  A worm (D:4)
  4 orcs
  8 bats
  6 endoplasms
  A giant cockroach (D:3)
  8 goblins
  7 hobgoblins
  2 quokkas (D:4)
  8 ball pythons
  5 frilled lizards
  5 kobolds
  2 rats (D:3)
90 creatures vanquished.

Notes
Turn   | Place    | Note
-------+----------+-------------------------------------------
     0 | D:1      | Amplified the Minotaur Cinder Acolyte began the quest for
                  | the Orb.
     0 | D:1      | Reached XP level 1. HP: 19/19 MP: 1/1
   281 | D:1      | Found a faded altar of an unknown god.
   486 | D:1      | Reached skill level 1 in Armour
   486 | D:1      | Reached XP level 2. HP: 27/27 MP: 2/2
   582 | D:1      | Learned a level 2 spell: Scorch
   669 | D:1      | Reached skill level 1 in Dodging
  1538 | D:2      | Reached XP level 3. HP: 33/33 MP: 0/3
  2202 | D:3      | Reached XP level 4. HP: 37/41 MP: 1/4
  2249 | D:3      | Noticed Natasha
  2260 | D:3      | Killed Natasha
  2395 | D:3      | Noticed Natasha
  2401 | D:3      | Killed Natasha
  2501 | D:3      | Noticed Natasha
  2509 | D:3      | Killed Natasha
  2510 | D:3      | Reached XP level 5. HP: 47/47 MP: 0/5
  2649 | D:3      | Noticed Jessica
  2801 | D:3      | Killed Jessica
  2989 | D:3      | Found an opulent altar of Gozag.
  3589 | D:4      | Reached skill level 5 in Fighting
  3695 | D:4      | Noticed an ogre
  4124 | D:4      | Gained mutation: You are dopey. (Int -2) [potion of
                  | mutation]
  4124 | D:4      | Gained mutation: Your muscles are strong. (Str +2) [potion
                  | of mutation]
  4124 | D:4      | Gained mutation: Armour fits poorly on your strangely
                  | shaped body. [potion of mutation]
  4384 | D:4      | Reached skill level 5 in Axes
  4818 | D:4      | Found an ancient bone altar of Kikubaaqudgha.
  4835 | D:4      | Reached XP level 6. HP: 48/56 MP: 3/6
  5161 | D:5      | Entered Level 5 of the Dungeon
  5161 | D:5      | Found Caabb's Armour Emporium.
  5655 | D:5      | Reached XP level 7. HP: 56/62 MP: 7/7
  6236 | D:5      | Reached skill level 5 in Armour
  6840 | D:3      | You fall into a shaft and drop 2 floors!
  6840 | D:5      | Found a hazy altar of Hepliaklqana.
  6851 | D:5      | Shot with an arrow by a centaur

Illustrated notes

Levels and vault maps discovered:
D:1:      giann_horns, layout_basic, hellmonk_ecumenical_altar_heavens_door,
          minmay_misc_feat_cross, minivault_5
D:2:      layout_basic
D:3:      layout_loops_ring, marbit_many_paths, uniq_jessica, uniq_natasha
D:4:      minmay_spotlight, layout_basic, overflow_temple_1_default,
          minmay_three_crescents
D:5:      layout_basic, mainiacjoe_overflow_surrounded_room, temple_hall,
          serial_shops, nicolae_stop_n_shop_1, kennysheep_flooded_box
D:6:      layout_basic
D:7:      layout_rooms, trog_butcher_becter, minmay_manual_moon

Skill      XL: |  1  2  3  4  5  6  7 |
---------------+----------------------+-----
Armour         | 1 2 3 4 5 |  5.1
Dodging        | 1 2 3 4 |  4.6
Fighting       | 4 5 6 |  6.4
Axes           | 4 5 6 |  6.4
Spellcasting   | |  1.0
Fire Magic     | |  2.1

Action                   |  1- 3 |  4- 6 |  7- 9 || total
-------------------------+-------+-------+-------++-------
Melee: Hand axe          |    72 |   128 |    35 ||   235
       Headbutt          |     8 |    24 |     6 ||    38
 Cast: Scorch            |     4 |     9 |     8 ||    21
Invok: Sea of Fire       |       |       |     1 ||     1
  Use: Scroll            |     1 |     5 |       ||     6
       Potion            |       |     4 |     2 ||     6
Armor: Robe              |    24 |    43 |     7 ||    74
       Chain mail        |       |     3 |       ||     3
Dodge: Dodged            |    41 |    76 |    37 ||   154

Table legend: (Time is in decaauts)
 A = Elapsed time spent in this place.
 B = Non-inter-level travel time spent in this place.
 C = Inter-level travel time spent in this place.
 D = Time resting spent in this place.
 E = Time spent auto-exploring this place.
 F = Levels seen in this place.
 G = Mean time per level.
                   A        B        C        D        E       F      G
               +--------+--------+--------+--------+--------+-----+--------+
         Total |   6867 |   6586 |    281 |   1348 |   3814 |   7 |  981.0 |
       Dungeon |   6867 |   6586 |    281 |   1348 |   3814 |   7 |  981.0 |
               +--------+--------+--------+--------+--------+-----+--------+

Top non-repeatable levels by time:
     D:4: 2159 daAuts
     D:3: 1693 daAuts
     D:1: 1446 daAuts
     D:2: 673 daAuts
     D:5: 477 daAuts
     D:6: 401 daAuts
     D:7: 14 daAuts
